 Dungeon Crawl Stone Soup version 0.17-a0-1416-gdf36fac (webtiles) character file.

95 Geeful the Insei (level 4, -2/28 HPs)
             Began as an Octopode Transmuter on June 23, 2015.
             Slain by Natasha (9 damage)
             ... on level 2 of the Dungeon.
             The game lasted 00:09:59 (2538 turns).

Geeful the Insei (Octopode Transmuter)              Turns: 2538, Time: 00:09:59

Health: -2/28      AC:  1    Str:  9    XL:     4   Next: 66%
Magic:  6/7        EV: 12    Int: 15    God:
Gold:   126        SH:  0    Dex: 13    Spells: 2 memorised, 4 levels left

rFire  . . .     SeeInvis .       - Unarmed
rCold  . . .     Clarity  .     (no shield)
rNeg   . . .     SustAt   .     (helmet restricted)
rPois  .         Gourm    .     (no amulet)
rElec  .         Spirit   .     (no ring)
rCorr  .         Warding  .     (no ring)
rMut   .         Stasis   .     (no ring)
MR     .....                    (no ring)
Stlth  ++........               (no ring)
                                (no ring)
                                (no ring)
                                (no ring)

@: appendage (expiring), not resistant to hostile enchantments, unstealthy
A: almost no armour, amphibious, 8 rings, constrict 8, tentacle spike 3,
camouflage 1, gelatinous body 1
a: End Transformation


You were on level 2 of the Dungeon.
You were not hungry.
One of your tentacles had a temporary spike.
You visited 1 branch of the dungeon, and saw 2 of its levels.

You collected 126 gold pieces.

Inventory:

Missiles
 a - 8 arrows
 f - 37 poisoned needles
 k - 20 arrows of dispersal
 l - 2 throwing nets (quivered)
Scrolls
 d - 4 scrolls of identify
 e - a scroll of amnesia {unknown}
 g - a scroll of recharging {unknown}
 h - a scroll of fear {unknown}
 o - a scroll of remove curse {unknown}
Books
 b - a book of Changes

   Spells                             Type                      Level
   a - Beastly Appendage              Transmutation                1
   b - Sticks to Snakes               Transmutation                2
   c - Spider Form                    Transmutation/Poison         3
   d - Ice Form                       Ice/Transmutation            4
   e - Blade Hands                    Transmutation                5
Comestibles
 c - a bread ration
 i - 2 fruits
 j - a slice of pizza
 m - a beef jerky
 n - 2 meat rations


   Skills:
 - Level 1.0 Fighting
 - Level 2.0 Dodging
 + Level 5.2 Unarmed Combat
 - Level 2.0 Spellcasting
 - Level 2.0 Transmutations


You had 4 spell levels left.
You knew the following spells:

 Your Spells              Type           Power        Failure   Level  Hunger
a - Beastly Appendage     Trmt           #.....       12%         1    #......
b - Sticks to Snakes      Trmt           #.........   14%         2    ###....


Dungeon Overview and Level Annotations

Branches:
Dungeon (2/15)

Altars:

Annotations:
D:2 Natasha


Innate Abilities, Weirdness & Mutations

You cannot wear most types of armour.
You are amphibious.
You can wear up to eight rings at the same time.
You can use your tentacles to constrict eight enemies at once.
Your skin changes colour to match your surroundings (Stealth).
Your rubbery body absorbs attacks (AC +1).
One of your tentacles bears a large vicious spike.


Message History

Confirm with . or Enter, or press ? or * to list all spells.
One of your tentacles grows a vicious spike.
Natasha hisses angrily.
Natasha stares at you.
You feel disoriented.
Natasha stares at you and mumbles some strange words.
The magic dart hits you!
Your transformation is almost over.
Natasha claws you.
You closely miss Natasha. Your grab misses Natasha.
Your tentacle spike misses Natasha.
Natasha barely misses you.
You tentacle-slap Natasha but do no damage.
Your grab misses Natasha. Your squeeze misses Natasha. Natasha claws you.
* * * LOW HITPOINT WARNING * * *
You closely miss Natasha. Your grab misses Natasha. You tentacle-slap Natasha.
You grab Natasha.
Natasha is moderately wounded.
You constrict Natasha, but do no damage.
Natasha claws you!
You die...

....## #.#.#
.....# #.#.#
...).# #.#.#
.....# #.#.#
####.# #.#.#
####.#########.#.#
...>...........#.#
.....###########.#
..#### #########@#
..# #h..(...h.#
..# #.#########
..# #.# ..# #.#
### #.# #.# ...
#h. .. ###


You could see Natasha.

Vanquished Creatures
  Natasha (twice) (D:2)
  2 adders (D:2)
  A giant gecko (D:2)
  A ball python (D:1)
  7 goblins
  7 hobgoblins
  A quokka (D:2)
  5 bats
  4 giant newts
  6 jackals
  7 kobolds
  7 rats
50 creatures vanquished.

Notes
Turn   | Place    | Note
--------------------------------------------------------------
     0 | D:1      | Geeful the Octopode Transmuter began the quest for the Orb.
     0 | D:1      | Reached XP level 1. HP: 13/13 MP: 3/3
   287 | D:1      | Reached XP level 2. HP: 6/18 MP: 3/5
   853 | D:1      | Reached skill level 4 in Unarmed Combat
  1008 | D:1      | Reached XP level 3. HP: 23/23 MP: 6/6
  1508 | D:1      | Learned a level 2 spell: Sticks to Snakes
  1899 | D:2      | Noticed Natasha
  1931 | D:2      | Killed Natasha
  1931 | D:2      | Reached XP level 4. HP: 21/28 MP: 5/7
  2117 | D:2      | Noticed Natasha
  2120 | D:2      | Reached skill level 5 in Unarmed Combat
  2124 | D:2      | Killed Natasha
  2518 | D:2      | Noticed Natasha
  2538 | D:2      | Slain by Natasha

Vault maps used:
D:1:      denvon_arrival_planthouse
D:2:      lemuel_crystal_altar, minmay_vboxes, uniq_natasha

Action                   |  1- 3 |  4- 6 || total
-------------------------+-------+-------++-------
Melee: Unarmed           |    95 |    18 ||   113
 Cast: Beastly Appendage |    19 |     5 ||    24
       Sticks to Snakes  |       |     4 ||     4
  Use: Scroll            |     2 |       ||     2
 Stab: Sleeping          |     5 |       ||     5
  Eat: Chunk             |     4 |     2 ||     6
